 Dungeon Crawl Stone Soup version 0.23-a0-650-ga4d50d4 (console) character file.

267 Duffy the Firebug (level 6, -9/41 HPs)
             Began as a Demonspawn Fire Elementalist on Jan 4, 2019.
             Killed by divine providence
             ... invoked by an orc priest
              (11 damage)
             ... on level 3 of the Dungeon.
             The game lasted 00:02:59 (3455 turns).

Duffy the Firebug (Demonspawn Fire Elementalist)    Turns: 3455, Time: 00:03:00

Health: -9/41      AC:  5    Str:  8    XL:     6   Next: 0%
Magic:  0/11       EV: 15    Int: 19    God:
Gold:   217        SH:  0    Dex: 13    Spells: 7/11 levels left

rFire    . . .     SeeInvis .     - Unarmed
rCold    . . .     Gourm    .   (no shield)
rNeg     . . .     Faith    .   a - +0 robe
rPois    .         Spirit   .   q - +0 helmet
rElec    .         Reflect  .   (no cloak)
rCorr    .         Harm     .   (no gloves)
MR       +....                  (no boots)
Stlth    ++........             i - amulet of regeneration
HPRegen  0.53/turn              j - ring of protection from magic
MPRegen  0.12/turn              p - +3 ring of evasion

@: no status effects
A: claws 2, slimy green scales 1
a: no special abilities


You were on level 3 of the Dungeon.
You were hungry.

You visited 1 branch of the dungeon, and saw 3 of its levels.

You collected 217 gold pieces.

Inventory:

Missiles
 b - 2 tomahawks of dispersal (quivered)
Armour
 a - a +0 robe (worn)
 m - a +0 ring mail
 q - a +0 helmet (worn)
Jewellery
 i - an amulet of regeneration (around neck)
 j - a ring of protection from magic (left claw)
 p - a +3 ring of evasion (right claw)
 r - an uncursed ring of protection from fire
Wands
 k - a wand of clouds (8)
Scrolls
 d - 4 scrolls of remove curse {unknown}
 e - 5 scrolls of teleportation {unknown}
 l - 5 scrolls of identify {unknown}
 s - a scroll of enchant weapon {unknown}
 t - a scroll of enchant armour {unknown}
Potions
 f - a potion of degeneration {unknown}
 g - a potion of flight {unknown}
 h - a potion of agility {unknown}
 n - a potion of heal wounds {unknown}
 o - a potion of resistance {unknown}
Comestibles
 c - 9 rations
 u - 2 chunks of flesh


   Skills:
 - Level 1.7 Dodging
 - Level 1.7 Stealth
 + Level 2.3 Unarmed Combat
 + Level 3.3 Spellcasting
 + Level 3.0 Conjurations
 + Level 3.9 Fire Magic


You had 7 spell levels left.
You knew the following spells:

 Your Spells              Type           Power        Failure   Level  Hunger
h - Flame Tongue          Conj/Fire      ###..        3%          1    None
l - Conjure Flame         Conj/Fire      ###.....     11%         3    ###....

Your spell library contained the following spells:

 Spells                   Type           Power        Failure   Level  Hunger
 Throw Flame              Conj/Fire      ###...       5%          2    ##.....
 Inner Flame              Hex/Fire       ##......     21%         3    ###....
 Sticky Flame             Conj/Fire      ###.....     34%         4    ####...
 Fireball                 Conj/Fire      ###.......   69%         5    ######.


Dungeon Overview and Level Annotations

Branches:
Dungeon (3/15)

Altars:
Gozag
Okawaru
Zin


Innate Abilities, Weirdness & Mutations

You have very sharp fingernails.
You are partially covered in slimy green scales. (AC +2)


Message History

The orc priest misses you.
Casting: Flame Tongue (safe; 3% risk of failure)
Confirm with . or Enter, or press ? or * to list all spells.
Aiming: Flame Tongue (safe; 3% risk of failure)
Press: ? - help, Shift-Dir - straight line, f/p - orc priest
Aim: an orc priest, wielding a +0 whip and wearing a +0 leather armour (heavily The flame tongue hits the orc priest.
The orc priest is severely wounded.
The orc priest mumbles some strange prayers to Beogh against you.
Beogh smites you!
Casting: Flame Tongue (safe; 3% risk of failure)
Confirm with . or Enter, or press ? or * to list all spells.
Aiming: Flame Tongue (safe; 3% risk of failure)
Press: ? - help, Shift-Dir - straight line, f/p - orc priest
Aim: an orc priest, wielding a +0 whip and wearing a +0 leather armour The flame tongue hits the orc priest.
The orc priest is almost dead.
The orc priest calls down the wrath of Beogh upon you.
Beogh smites you!
You die...

##### #####.....%
#.......... ..#
#o#.#.##### ##.####
#@#.# #.. ......
#.#.# #.# #.##..
#.#.#.#.######.....
#.#................
#.#.###.<....#.....
#.#.# #).###.......
#.#.# #..# ###.#<..
#.#.###..# #.#...
#......... ..#.#.


You could see an orc priest.

Vanquished Creatures
  An ice beast (D:2)
  An orc priest (D:3)
  Ijyb (D:3)
  Terence (D:2)
  3 adders (D:2)
  An ooze (D:3)
  A worm (D:2)
  2 dart slugs
  2 leopard geckos
  4 orcs (D:3)
  11 bats
  11 hobgoblins
  A ball python (D:2)
  5 frilled lizards
  4 goblins
  9 kobolds
  8 rats
66 creatures vanquished.

Notes
Turn   | Place    | Note
-------+----------+-------------------------------------------
     0 | D:1      | Duffy the Demonspawn Fire Elementalist began the quest for
                  | the Orb.
     0 | D:1      | Reached XP level 1. HP: 13/13 MP: 3/3
   260 | D:1      | Gained mutation: You have sharp fingernails. [demonic
                  | ancestry]
   260 | D:1      | Reached XP level 2. HP: 19/19 MP: 3/5
  1179 | D:2      | Found an iron altar of Okawaru.
  1283 | D:2      | Noticed Terence
  1289 | D:2      | Killed Terence
  1289 | D:2      | Gained mutation: You have very sharp fingernails. [demonic
                  | ancestry]
  1289 | D:2      | Reached XP level 3. HP: 24/24 MP: 2/6
  1345 | D:2      | Reached skill level 1 in Unarmed Combat
  1663 | D:2      | Noticed an ice beast
  1687 | D:3      | Reached XP level 4. HP: 25/30 MP: 2/7
  1784 | D:2      | Learned a level 3 spell: Conjure Flame
  1838 | D:2      | Killed an ice beast
  1838 | D:2      | Reached XP level 5. HP: 35/35 MP: 0/9
  2458 | D:3      | Noticed Ijyb
  2490 | D:3      | Killed Ijyb
  2753 | D:3      | Found an opulent altar of Gozag.
  3179 | D:3      | Found a glowing silver altar of Zin.
  3450 | D:3      | Gained mutation: You are partially covered in slimy green
                  | scales. (AC +2) [demonic ancestry]
  3450 | D:3      | Reached XP level 6. HP: 20/41 MP: 4/11
  3454 | D:3      | HP: 2/41 [orc priest/divine providence (10)]
  3455 | D:3      | Killed from afar by an orc priest

Vault maps used:
D:1:      saegor_arrival_simple_b, serial_co_window_serial, co_window_paths_b,
          co_window_cross_1, co_window_paths_a, co_window_of_opportunity_a,
          co_window_of_opportunity_a, co_window_corner_a,
          co_window_of_opportunity_a, co_window_corner_b, co_window_corner_cb,
          co_window_unsneaky_path_b, co_window_4corner_b, glass_columns_a,
          glass_columns_a, glass_columns_a, glass_columns_a, glass_columns_c
D:2:      lemuel_crystal_altar, uniq_terence
D:3:      lemuel_crystal_altar, nicolae_qazlal_eye_of_the_storm, first_ration,
          grunt_gozag_statues, uniq_ijyb

Skill      XL: |  1  2  3  4  5 |
---------------+----------------+-----
Fire Magic     | 3 |  3.9
Conjurations   | 2 3 |  3.0
Unarmed Combat | 1 2 |  2.3
Spellcasting   | 3 |  3.3
Dodging        | |  1.7
Stealth        | |  1.7

Action                   |  1- 3 |  4- 6 || total
-------------------------+-------+-------++-------
Melee: Unarmed           |     7 |    92 ||    99
 Cast: Flame Tongue      |    50 |    41 ||    91
       Conjure Flame     |       |     1 ||     1
  Eat: Chunk             |     3 |     5 ||     8
Armor: Robe              |     6 |    21 ||    27
Dodge: Dodged            |    24 |    59 ||    83

Table legend:
 A = Non-vault XP
 B = Vault XP
 C = Vault XP percentage of total XP
 D = Non-vault monster count
 E = Vault monster count
 F = Vault count percentage of total count
                 A         B        C        D         E       F
            +---------+---------+-------+---------+---------+-------
      Total |     310 |      72 |  18.8 |      64 |       2 |   3.0
            +---------+---------+-------+---------+---------+-------
        D:1 |      30 |       0 |   0.0 |      18 |       0 |   0.0
        D:2 |     201 |      36 |  15.2 |      26 |       1 |   3.7
        D:3 |      79 |      36 |  31.3 |      20 |       1 |   4.8
            +---------+---------+-------+---------+---------+-------
